 Dungeon Crawl Stone Soup version 0.28.0-47-ge53b351184 (webtiles) character file.

Game seed: 12584852136329006033

120 Bamboolord the Slasher (level 4, -1/34 HPs)
             Began as a Demonspawn Gladiator on May 9, 2022.
             Slain by Terence
             ... wielding a +1 flail of holy wrath
              (14 damage)
             ... on level 2 of the Dungeon.
             The game lasted 00:02:53 (1646 turns).

Bamboolord the Slasher (Demonspawn Gladiator)       Turns: 1646, Time: 00:02:56

Health: -1/34      AC:  6    Str: 14    XL:     4   Next: 75%
Magic:  4/4        EV: 13    Int:  9    God:
Gold:   42         SH:  0    Dex: 17    Spells: 3/3 levels left

rFire   . . .      SeeInvis .   a - +0 long sword
rCold   . . .      Faith    .   (no shield)
rNeg    . . .      Spirit   .   b - +0 leather armour
rPois   .          Reflect  .   c - +0 helmet
rElec   .          Harm     .   (no cloak)
rCorr   .          Rampage  .   (no gloves)
Will    .....                   (no boots)
Stlth   +.........              (no amulet)
HPRegen 0.11/turn               (no ring)
MPRegen 0.09/turn               (no ring)

@: no status effects
A: molten scales 1, spiny 1, demonic touch 1
a: no special abilities


You were on level 2 of the Dungeon.
You visited 1 branch of the dungeon, and saw 2 of its levels.

You collected 42 gold pieces.

Inventory:

Hand Weapons
 a - a +0 long sword (weapon)
Missiles
 d - 3 throwing nets (quivered)
Armour
 b - a +0 leather armour (worn)
 c - a +0 helmet (worn)
Scrolls
 e - 2 scrolls of teleportation {unknown}
 f - a scroll of enchant weapon {unknown}
 k - a scroll of fog {unknown}
Potions
 g - a potion of heal wounds {unknown}
 h - a potion of attraction {unknown}
 i - a potion of curing {unknown}
 j - a potion of berserk rage {unknown}
 l - a potion of degeneration {unknown}


   Skills:
 * Level 2.4 Fighting
 * Level 4.2 Long Blades
 - Level 1.7 Throwing
 * Level 1.5 Armour
 + Level 3.1 Dodging


You had 3 spell levels left.
You didn't know any spells.
Your spell library was empty.

Dungeon Overview and Level Annotations

Branches:
Dungeon (2/15)

Altars:

Annotations:
D:2 Terence


Innate Abilities, Weirdness & Mutations

You are partially covered in molten scales. (AC +2)
You are partially covered in sharp spines.
Your touch may inflict minor irresistible damage on your foes.


Message History

Natasha hisses angrily.
Natasha mumbles some strange words.
You hit Natasha. Your touch misses Natasha.
Natasha is moderately wounded.
Natasha barely misses you.
You closely miss Natasha.
Natasha is moderately wounded.
Natasha mumbles some strange words.
You hit Natasha.
You touch Natasha.
Natasha is almost dead.
Natasha is struck by your spines.
You kill Natasha!
Natasha screams in fury as she dies!
The iron imp disappears in a puff of smoke!
The shadow imp disappears in a puff of smoke!
e - 2 scrolls labelled DURCHO WO FEIK (gained 1)
A frilled lizard comes into view.
The frilled lizard hisses angrily.
A frilled lizard is nearby!
You closely miss the frilled lizard.
You touch the frilled lizard.
You kill the frilled lizard!
No target in view!
No target in view!
Terence the Incautious comes into view.
He is wielding a +1 flail of holy wrath.
Terence is nearby!
Terence is nearby!
Terence is nearby!
Terence hits you but does no damage.
You closely miss Terence.
Terence hits you with a +1 flail of holy wrath.
You convulse.
Terence hits you with a +1 flail of holy wrath.
You convulse.
You slash Terence!
You touch Terence.
Terence is heavily wounded.
Terence screams, "I'm going to kill you!"
Terence is struck by your spines.
Terence hits you with a +1 flail of holy wrath!
You convulse!
You die...

.. #.... #....
###############....#####
.............# .........
......@@...#.# #.......
############.#.####.......
..................+.......
#########....#.####.......
...........†.........###
#######....#.#######.#
...........#.##### #.#
...........†.....# #.#
........##.......# #.##


You could see Terence.

Vanquished Creatures
  Jessica (D:2)
  Natasha (D:2)
  2 adders (D:2)
  4 dart slugs
  3 ball pythons
  6 endoplasms
  2 giant cockroaches (D:1)
  5 goblins (D:1)
  5 hobgoblins (D:1)
  3 quokkas (D:1)
  4 bats (D:1)
  4 frilled lizards
  A kobold (D:2)
  3 rats
44 creatures vanquished.

Notes
Turn   | Place    | Note
-------+----------+-------------------------------------------
     0 | D:1      | Bamboolord the Demonspawn Gladiator began the quest for the
                  | Orb.
     0 | D:1      | Reached XP level 1. HP: 16/16 MP: 1/1
   180 | D:1      | Gained mutation: Your touch may inflict minor irresistible
                  | damage on your foes. [demonic ancestry]
   180 | D:1      | Reached XP level 2. HP: 15/22 MP: 2/2
   181 | D:1      | Reached skill level 3 in Long Blades
   763 | D:1      | Gained mutation: You are partially covered in sharp spines.
                  | [demonic ancestry]
   763 | D:1      | Reached XP level 3. HP: 24/27 MP: 3/3
   933 | D:1      | Found a faded altar of an unknown god.
  1191 | D:2      | Reached skill level 1 in Armour
  1304 | D:2      | Noticed Jessica
  1309 | D:2      | Killed Jessica
  1310 | D:2      | Gained mutation: You are partially covered in molten
                  | scales. (AC +2) [demonic ancestry]
  1310 | D:2      | Reached XP level 4. HP: 22/33 MP: 4/4
  1468 | D:2      | Reached skill level 4 in Long Blades
  1608 | D:2      | Noticed Natasha
  1614 | D:2      | Killed Natasha
  1641 | D:2      | Noticed Terence
  1646 | D:2      | Slain by Terence

Illustrated notes

Levels and vault maps discovered:
D:1:      eino_arrival_cavern_a, layout_loops_ring,
          dilly_ecumenical_altar_fadedgnrine, chequers_serial_rivers_small_3
D:2:      layout_basic, basic_altar, uniq_terence, uniq_jessica, uniq_natasha

Skill      XL: |  1  2  3  4 |
---------------+-------------+-----
Long Blades    | 3 4 |  4.2
Dodging        | 3 |  3.1
Armour         | 1 |  1.5
Fighting       | |  2.4
Throwing       | |  1.7

Action                   |  1- 3 |  4- 6 || total
-------------------------+-------+-------++-------
Melee: Long sword        |    89 |    13 ||   102
       Touch             |    11 |     4 ||    15
       Punch             |     2 |       ||     2
 Stab: Sleeping          |     1 |     1 ||     2
Armor: Leather armour    |    47 |     2 ||    49
Dodge: Dodged            |    62 |     3 ||    65
